 Dungeon Crawl Stone Soup version 0.31-a0-596-g831eee08f1 (webtiles) character file.

Game seed: 17378474044606229013

2 gruber the Caller (level 1, -1/10 HPs)
             Began as a Tengu Summoner on Aug 20, 2023.
             Slain by a hobgoblin (4 damage)
             ... on level 1 of the Dungeon.
             The game lasted 00:00:12 (108 turns).

gruber the Caller (Tengu Summoner)                   Turns: 108, Time: 00:00:13

Health: -1/10      AC:  2    Str:  8    XL:     1   Next: 40%
Magic:  2/4        EV: 12    Int: 15    God:
Gold:   6          SH:  0    Dex: 14    Spells: 3/4 levels left

rFire   . . .        (no weapon)
rCold   . . .        (no shield)
rNeg    . . .        a - +0 robe
rPois   .            (helmet restricted)
rElec   .            (no cloak)
rCorr   .            (no gloves)
SInv    .            (boots unavailable)
Will    .....        (no amulet)
Stlth   ++           (no ring)
HPRegen 0.21/turn    (no ring)
MPRegen 0.09/turn

%: no passive effects
@: no status effects
A: beak, talons 3
a: no special abilities


You were on level 1 of the Dungeon.
You visited 1 branch of the dungeon, and saw 1 of its levels.

You collected 6 gold pieces.

Inventory:

Armour
 a - a +0 robe (worn)
Potions
 b - a potion of magic


   Skills:
 - Level 2.1 Dodging
 - Level 2.0 Stealth
 - Level 2.0 Spellcasting
 + Level 5.0 Summonings


You had 3 spell levels left.
You knew the following spells:

 Your Spells              Type           Power      Damage    Failure   Level
a - Summon Small Mammal   Summ           64%        N/A       2%          1

Your spell library contained the following spells:

 Spells                   Type           Power      Damage    Failure   Level
 Call Imp                 Summ           32%        N/A       4%          2
 Call Canine Familiar     Summ           16%        N/A       9%          3
 Summon Guardian Golem    Hex/Summ       9%         N/A       24%         3
 Summon Lightning Spire   Summ/Air       9%         N/A       61%         4


Dungeon Overview and Level Annotations

Branches:
Dungeon (1/15)

Altars:


Innate Abilities, Weirdness & Mutations

You have a beak for a mouth.
You have claws for feet.


Message History

Your rat's corpse disappears in a puff of smoke!
You hit the ball python.
You kill the ball python!
Your rat bites the rat.
Your Summonings skill increases to level 5!
You hit the rat.
You kill the rat!
No target in view!
No target in view!
Your bat disappears in a puff of smoke!
Your rat disappears in a puff of smoke!
Magic restored.
You see here a rat corpse.
You see here a hobgoblin corpse.
You now have 6 gold pieces.
Found a quarterstaff.
A hobgoblin comes into view.
The hobgoblin shouts!
A hobgoblin is nearby!
There is a shaft here.
The hobgoblin hits you. The hobgoblin hits you.
Ouch! That really hurt!
* * * LOW HITPOINT WARNING * * *
You are too injured to fight recklessly!
You are too injured to fight recklessly!
You are too injured to fight recklessly!
Unknown command.
Casting: Summon Small Mammal (safe; 2% risk of failure)
Confirm with . or Enter, or press ? or * to list all spells.
The hobgoblin misses you.
Your bat barely misses the hobgoblin.
Unknown command.
Unknown command.
Found a scroll labelled CEAQASK VOUN.
Your bat hits the hobgoblin but does no damage.
Your bat closely misses the hobgoblin.
You hit the hobgoblin. Your peck misses the hobgoblin.
The hobgoblin is lightly wounded.
Your bat closely misses the hobgoblin.
The hobgoblin hits you.
You die...

#...####.........#
##..#........###.#
#...........# .#
#. ##....#.....#
.# #..
#...##.....# #..#
##...#.....#
##....###..#....##
......b.^.......#
......rg@....####
......)...##.#
..........# ...
#########.# ##..
#.# ... #.. ## ..#
.?.


You could see a hobgoblin (ally target), a friendly bat (summoned) and a
friendly rat (summoned).

Vanquished Creatures
  A ball python (D:1)
  A rat (D:1)
2 creatures vanquished.

Vanquished Creatures (collateral kills)
  A hobgoblin (D:1)
1 creature vanquished.

Grand Total: 3 creatures vanquished

Notes
Turn   | Place    | Note
-------+----------+-------------------------------------------
     0 | D:1      | gruber the Tengu Summoner began the quest for the Orb.
     0 | D:1      | Reached XP level 1. HP: 10/10 MP: 4/4
    36 | D:1      | Reached skill level 5 in Summonings
   108 | D:1      | Slain by a hobgoblin

Illustrated notes

Levels and vault maps discovered:
D:1:      dpeg_arrival_long_road, layout_rooms, minmay_tromino_v2

Skill      XL: |  1 |
---------------+----+-----
Summonings     | 5 |  5.0
Dodging        | |  2.1
Stealth        | |  2.0
Spellcasting   | |  2.0

Action                     || total
---------------------------++-------
  Melee: Unarmed           ||     3
   Cast: Summon Small Mamm ||     7
  Dodge: Dodged            ||     1

Table legend: (Time is in decaauts)
 A = Elapsed time spent in this place.
 B = Non-inter-level travel time spent in this place.
 C = Inter-level travel time spent in this place.
 D = Time resting spent in this place.
 E = Time spent auto-exploring this place.
 F = Levels seen in this place.
 G = Mean time per level.
                   A        B        C        D        E       F      G
               +--------+--------+--------+--------+--------+-----+--------+
         Total |    108 |    108 |      0 |      0 |     80 |   1 |  108.0 |
       Dungeon |    108 |    108 |      0 |      0 |     80 |   1 |  108.0 |
               +--------+--------+--------+--------+--------+-----+--------+

Top non-repeatable levels by time:
     D:1: 108 daAuts
